 Dungeon Crawl Stone Soup version 0.27.0-1-g7a089689b8 (webtiles) character file.

Game seed: 5533093898555807067

185964 Kinoniko the Severer (level 18, -9/175 (180) HPs)
             Began as a Hill Orc Berserker on Aug 3, 2021.
             Was the Champion of Trog.
             Hit by a javelin thrown by a merfolk javelineer (16 damage)
             ... on level 1 of the Shoals.
             The game lasted 00:41:46 (26744 turns).

Kinoniko the Severer (Hill Orc Berserker)          Turns: 26744, Time: 00:41:46

HP:   -9/175 (180)  AC: 31    Str: 27    XL:     18   Next: 4%
MP:   18/18         EV:  9    Int:  7    God:    Trog [******]
Gold: 1592          SH: 22    Dex: 15    Spells: 17/17 levels left

rFire    + + +     SeeInvis +   n - +5 broad axe (protect)
rCold    + + +     Faith    .   c - +2 shield of Resistance {rF++ rC++ Will++}
rNeg     . . .     Spirit   .   Y - +3 gold dragon scales
rPois    +         Reflect  +   v - +0 helmet
rElec    .         Harm     .   x - +1 cloak
rCorr    .         Rampage  .   o - +2 pair of gloves
Will     +++..                  N - +0 pair of boots
Stlth    ..........             a - amulet of reflection
HPRegen  0.39/turn              m - ring of see invisible
MPRegen  0.16/turn              I - ring "Rakiuxu" {rPois Dex+4}

@: lightly drained
A: no striking features
}: 1/15 runes: gossamer
a: Renounce Religion, Berserk, Trog's Hand, Brothers in Arms


You were on level 1 of the Shoals.
You worshipped Trog.
Trog was exalted by your worship.
You visited 6 branches of the dungeon, and saw 29 of its levels.
You also visited: Ice Cave.

You collected 3285 gold pieces.
You spent 1693 gold pieces at shops.

Inventory:

Hand Weapons
 b - the +2 broad axe of Ageasar {antimagic, rPois Dex+3}
   (Trog gifted it to you on level 2 of the Orcish Mines)

   It reduces the magical energy of the wielder, and disrupts the spells and
   magical abilities of those it strikes.
   Natural abilities and divine invocations are not affected.
   Dex:       It affects your dexterity (+3).
   rPois:     It protects you from poison.
 n - a +5 broad axe of protection (weapon)
 F - a +4 broad axe
 G - the +5 scythe "Finisher" {speed, eviscerate}
   (You found it on level 9 of the Dungeon)

   Attacks with this weapon are significantly faster.
   It may eviscerate those it strikes, slaying them instantly, with a decreasing
   chance against stronger foes.
Missiles
 M - a throwing net (quivered)
Armour
 c - the +2 shield of Resistance (worn) {rF++ rC++ Will++}
   (You bought it in a shop on level 2 of the Orcish Mines)

   rF:        It greatly protects you from fire.
   rC:        It greatly protects you from cold.
   Will:      It greatly increases your willpower.
 o - a +2 pair of gloves (worn)
 v - a +0 helmet (worn)
 x - a +1 cloak (worn)
 B - a +1 crystal plate armour of cold resistance
 C - the +8 chain mail of Death's Door {rElec rC+ Int-3}
   (You bought it in a shop on level 15 of the Dungeon)

   Int:       It affects your intelligence (-3).
   rC:        It protects you from cold.
   rElec:     It insulates you from electricity.
 N - a +0 pair of boots (worn)
 Y - +3 gold dragon scales (worn)
Jewellery
 a - an amulet of reflection (around neck)
 m - a ring of see invisible (left hand)
 r - an amulet of regeneration
 y - the macabre finger necklace {rN+}
   (You found it on level 8 of the Dungeon)

   [amulet of nothing]

   It enables you to equip an extra ring.
   rN:        It protects you from negative energy.
 E - a ring of positive energy
 H - a ring of resist corrosion
 I - the ring "Rakiuxu" (right hand) {rPois Dex+4}
   (You acquired it on level 9 of the Dungeon)

   [ring of poison resistance]

   Dex:       It affects your dexterity (+4).
   rPois:     It protects you from poison.
 Q - a ring of protection from cold
Wands
 g - a wand of digging (13)
 j - a wand of iceblast (20)
 z - a wand of mindburst (29)
 S - a wand of paralysis (39)
 V - a wand of polymorph (7)
 W - a wand of flame (58)
Scrolls
 f - 3 scrolls of fear
 i - 2 scrolls of summoning
 k - 9 scrolls of teleportation
 w - a scroll of vulnerability
 D - 4 scrolls of holy word
 L - a scroll of magic mapping
 T - 2 scrolls of fog
Potions
 d - 13 potions of curing
 e - 5 potions of attraction
 h - 6 potions of might
 p - a potion of resistance
 q - 8 potions of ambrosia
 s - 2 potions of flight
 u - 5 potions of haste
 A - 4 potions of cancellation
 J - 2 potions of lignification
 K - 4 potions of heal wounds
 O - a potion of brilliance
 P - a potion of invisibility
 R - 2 potions of berserk rage
 X - 2 potions of mutation
 Z - a potion of magic
Miscellaneous
 t - a condenser vane


   Skills:
 * Level 20.4 Fighting
 - Level 20.4 Axes
 + Level 13.0 Armour
 + Level 8.0 Dodging
 - Level 15.0 Shields


You had 17 spell levels left.
You didn't know any spells.
Your spell library was empty.

Dungeon Overview and Level Annotations

Branches:
Dungeon (15/15)            Temple (1/1) D:4            Lair (6/6) D:8
 Shoals (1/4) Lair:4       Spider (4/4) Lair:4        Slime (0/5) Lair:6
    Orc (2/2) D:12            Elf (0/3) Orc:2        Vaults (0/5) D:13
 Depths (0/5) D:15          IceCv (visited)

Altars:
Ashenzari
Cheibriados
Dithmenos
Elyvilon
Fedhas
Gozag
Hepliaklqana
Kikubaaqudgha
Makhleb
Nemelex Xobeh
Okawaru
Qazlal
Ru
Sif Muna
Trog
Uskayaw
Vehumet
Wu Jian
Xom
Yredelemnul
Zin
The Shining One
Jiyva

Shops:
D:6 (   D:12 (   D:15 [   Orc:1 (   Orc:2 !*[[

Portals:
Trove: D:15 (give 3 potions of resistance)

Annotations:
D:11 2 runed translucent doors
D:13 2 transporters, exclusion: orange crystal statue, Liimbo's ghost, journeyman FoWn
D:14 3 runed translucent doors, Ficoysum's ghost, journeyman GnWn
Lair:5 exclusion: 2 oklob plants
Spider:3 2 transporters, Anuqaetage's ghost, adept HOFi


Message History

The javelin pierces through you.
* * * LOW HITPOINT WARNING * * *
Your Dodging skill increases to level 8!
Unknown command.
Unknown command.
Unknown command.
Unknown command.
Unknown command.
Unknown command.
Unknown command.
Unknown command.
Unknown command.
You block the sea snake's attack.
The merfolk javelineer throws a javelin.
The javelin pierces through you but does no damage.
A wraith comes into view.
The sea snake bites you.
* * * LOW HITPOINT WARNING * * *
The merfolk javelineer throws a javelin.
The javelin pierces through your cyclops!!
The javelin pierces through you but does no damage.
Your cyclops barely misses the sea snake.
The sea snake barely misses your cyclops.
The merfolk javelineer throws a javelin.
The javelin pierces through you!
* * * LOW HITPOINT WARNING * * *
Your cyclops hits the sea snake!!! The sea snake bites your cyclops.
Your cyclops looks as sick as possible!
The sea snake poisons your cyclops!
The merfolk javelineer throws a javelin.
The javelin pierces through you!
* * * LOW HITPOINT WARNING * * *
The javelin pierces through your cyclops!
Your cyclops dies!
Your cyclops's corpse disappears in a puff of smoke!
The sea snake barely misses you. You block the sea snake's attack.
The merfolk javelineer throws a javelin.
The javelin pierces through you!
You die...

..≈≈≈≈≈≈≈≈≈≈≈≈...
..≈≈≈≈≈≈≈≈≈≈≈≈...# #P
..≈.≈≈≈≈≈≈≈≈≈≈≈..####.
...≈≈≈≈≈≈≈≈≈≈.......)
....≈≈≈≈≈≈≈≈.......PP
#..≈≈≈≈≈..≈...≈≈...
#W≈≈§≈≈.......≈≈≈≈
##.§≈≈≈≈...# #.≈≈≈.
#m@S≈§)≈≈≈)###.≈≈..
≈≈.....≈≈≈≈≈≈≈≈..##.≈.≈.
≈≈.....≈≈≈≈≈≈≈≈..##.≈≈≈≈
≈≈≈≈≈≈≈≈≈≈≈≈≈≈≈≈....P...
≈≈≈≈≈≈≈≈≈≈≈≈≈.≈≈≈....###
≈≈≈≈≈≈≈≈≈≈≈≈≈≈≈≈≈..≈.#..
≈≈≈≈≈≈≈≈≈≈≈≈≈≈≈......#..
≈...≈≈≈≈≈≈≈≈††.#####.#..
≈≈≈≈≈≈≈≈≈.# #.##≈


You could see a merfolk javelineer, a sea snake and a wraith.

Vanquished Creatures
  Nikola (Spider:1)
  Gastronok (D:9)
  3 ghost moths
  3 emperor scorpions
  A reaper (IceCv)
  3 entropy weavers
  2 spark wasps (Spider:4)
  A fire dragon (Lair:6)
  A merfolk impaler (Shoals:1)
  Harold (D:11)
  Josephine (Shoals:1)
  A rakshasa (D:14)
  4 boulder beetles
  5 vault guards (D:13)
  12 hydras
  2 merfolk aquamancers (Shoals:1)
  2 merfolk avatars (Shoals:1)
  7 ogre magi
  16 two-headed ogres
  4 centaur warriors
  4 tengu warriors
  Urug (Lair:4)
  Nergalle (D:11)
  4 skeletal warriors
  10 sea snakes (Shoals:1)
  A lindwurm (Lair:6)
  A deep elf pyromancer (D:15)
  A wizard (D:15)
  5 harpies (Shoals:1)
  A necromancer (D:15)
  2 orc knights (Orc:1)
  12 orb spiders
  31 wolf spiders
  2 orc sorcerers
  6 cyclopes
  3 fauns (Shoals:1)
  An ugly thing (D:12)
  A deep elf zephyrmancer (D:15)
  4 manticores
  2 moths of wrath (Spider:4)
  2 merfolk sirens (Shoals:1)
  A torpor snail (Lair:4)
  7 black mambas
  2 molten gargoyles (Lair:6)
  2 gargoyles
  2 ice statues (IceCv)
  A naga mage (D:15)
  2 water nymphs (Shoals:1)
  An unseen horror (D:12)
  10 cane toads
  A kobold demonologist (D:11)
  A freezing wraith (IceCv)
  10 komodo dragons
  5 demonic crawlers
  A tengu conjurer (D:13)
  A rime drake (Lair:3)
  2 efreet
  An anaconda simulacrum (IceCv)
  6 ice devils (IceCv)
  A guardian mummy (D:15)
  3 entropy weaver simulacra (IceCv)
  A yaktaur (D:13)
  3 merfolk
  36 jumping spiders
  5 polar bears (D:14)
  7 hornets
  7 trolls
  A wind drake (Shoals:1)
  5 slime creatures (D:10)
  A dream sheep (D:14)
  23 blink frogs
  Sigmund (D:5)
  A centaur simulacrum (D:15)
  4 shadows
  68 redbacks
  A spriggan (D:14)
  7 wraiths
  A water elemental (D:13)
  18 tarantellas
  41 yaks
  4 wyverns
  2 hogs (D:14)
  5 basilisks
  Grum (D:11)
  2 steam dragons
  A warg (Orc:1)
  3 acid dragons
  4 hell hounds (Lair:6)
  16 water moccasins
  11 black bears
  2 ice beasts
  10 orc warriors
  A necrophage (D:6)
  26 wolves
  4 boggarts (D:15)
  28 ogres
  5 centaurs
  4 phantoms
  2 kobold brigands
  7 bullfrogs
  A two-headed ogre simulacrum (IceCv)
  8 scorpions
  A cane toad simulacrum (IceCv)
  3 troll zombies (D:12)
  9 killer bees
  2 howler monkeys
  6 wights
  4 electric eels
  6 centaur zombies
  4 lava snakes
  11 hounds
  A jelly (D:6)
  8 orc priests
  A bullfrog skeleton (D:6)
  3 centaur skeletons
  5 iguanas
  13 orc wizards
  Terence (D:2)
  3 spriggan simulacra (IceCv)
  2 troll simulacra (IceCv)
  2 wolf simulacra (IceCv)
  A killer bee zombie (D:8)
  3 ogre zombies (D:12)
  A hound skeleton (D:5)
  A howler monkey skeleton (D:6)
  2 naga simulacra (IceCv)
  3 adders
  A shadow imp (D:6)
  4 white imps
  3 ufetubi
  2 adder skeletons (D:4)
  2 worms
  51 orcs
  7 bats
  6 endoplasms
  3 giant cockroaches
  8 goblins
  4 hobgoblins
  16 jackals
  17 kobolds
  3 quokkas
  9 ball pythons
  A frilled lizard (D:2)
  A goblin skeleton (D:12)
  2 goblin zombies (D:12)
  4 hobgoblin zombies (D:12)
  5 orc skeletons (D:12)
  7 orc zombies (D:12)
  4 rats
860 creatures vanquished.

Vanquished Creatures (collateral kills)
  Arachne (Spider:3)
  A hydra (Lair:4)
  6 orb spiders
  3 jumping spiders
  A blink frog (Lair:4)
  A tarantella (Spider:4)
  A wraith (Shoals:1)
14 creatures vanquished.

Vanquished Creatures (others)
  A wolf spider (Spider:4)
  A jumping spider (Spider:1)
  A redback (Spider:3)
  An ufetubus (IceCv)
  11 fungi
  66 plants
81 creatures vanquished.

Grand Total: 955 creatures vanquished

Notes
Turn   | Place    | Note
-------+----------+-------------------------------------------
     0 | D:1      | Kinoniko the Hill Orc Berserker began the quest for the
                  | Orb.
     0 | D:1      | Reached XP level 1. HP: 19/19 MP: 1/1
   223 | D:1      | Reached XP level 2. HP: 27/27 MP: 2/2
   449 | D:1      | Reached skill level 5 in Axes
   450 | D:1      | Reached ** piety under Trog
   538 | D:1      | Reached XP level 3. HP: 32/33 MP: 3/3
  1124 | D:2      | Noticed Terence
  1129 | D:2      | Killed Terence
  1130 | D:2      | Reached XP level 4. HP: 41/41 MP: 4/4
  1195 | D:2      | You fall into a shaft and drop 2 floors!
  1239 | D:4      | Reached XP level 5. HP: 47/47 MP: 5/5
  1347 | D:3      | Reached skill level 5 in Fighting
  1472 | D:2      | Found a shimmering altar of Xom.
  2053 | D:3      | Reached *** piety under Trog
  2054 | D:3      | Reached XP level 6. HP: 53/56 MP: 6/6
  3562 | D:4      | Found a staircase to the Ecumenical Temple.
  3648 | Temple   | Entered the Ecumenical Temple
  3843 | D:5      | Entered Level 5 of the Dungeon
  3843 | D:5      | Noticed Sigmund
  3849 | D:5      | Killed Sigmund
  3850 | D:5      | Reached XP level 7. HP: 62/62 MP: 7/7
  4736 | D:5      | Noticed a yak
  4736 | D:5      | Noticed a yak
  4736 | D:5      | Noticed a yak
  4736 | D:5      | Noticed a yak
  4736 | D:5      | Noticed a yak
  4737 | D:5      | Noticed a yak
  4744 | D:5      | Killed a yak
  4747 | D:5      | Killed a yak
  4748 | D:5      | Reached skill level 10 in Axes
  4748 | D:5      | Reached XP level 8. HP: 70/70 MP: 8/8
  4752 | D:5      | Killed a yak
  4753 | D:5      | Killed a yak
  4758 | D:5      | Killed a yak
  4761 | D:5      | Killed a yak
  4762 | D:5      | Reached skill level 5 in Shields
  5421 | D:6      | Found a burning altar of Makhleb.
  5421 | D:6      | Found an ornate altar of the Wu Jian Council.
  5513 | D:6      | Reached XP level 9. HP: 63/75 MP: 9/9
  5635 | D:6      | Found Ducsuann's Weapon Emporium.
  5641 | D:6      | Bought a +0 broad axe for 52 gold pieces
  5829 | D:6      | Reached **** piety under Trog
  6218 | D:7      | Noticed a hornet
  6223 | D:7      | Killed a hornet
  7000 | D:8      | Reached XP level 10. HP: 84/88 MP: 10/10
  7044 | D:8      | Found the macabre finger necklace {rN+}
  7045 | D:8      | Found a staircase to the Lair.
  7426 | D:8      | Reached ***** piety under Trog
  7626 | D:9      | Noticed Gastronok
  7640 | D:9      | Killed Gastronok
  7641 | D:9      | Reached skill level 15 in Axes
  7755 | D:9      | Noticed a skeletal warrior
  7764 | D:9      | Killed a skeletal warrior
  7765 | D:9      | Reached skill level 10 in Fighting
  7765 | D:9      | Reached XP level 11. HP: 53/100 MP: 11/11
  7879 | D:9      | Found the +5 scythe "Finisher" {speed, eviscerate}
  8043 | D:9      | Received a gift from Trog
  8325 | D:9      | Identified a scroll of acquirement
  8325 | D:9      | Acquired the ring "Rakiuxu" {rPois Dex+4}
  8633 | D:10     | Entered Level 10 of the Dungeon
  8701 | D:10     | Noticed a four-headed hydra
  8706 | D:10     | Killed a seven-headed hydra
  8792 | D:10     | Noticed a manticore
  8809 | D:10     | Killed a manticore
  9290 | D:11     | Noticed a manticore
  9302 | D:11     | Killed a manticore
  9350 | D:11     | Found a runed translucent door.
  9457 | D:11     | Noticed Grum
  9475 | D:11     | Killed Grum
  9498 | D:11     | Noticed an eight-headed hydra
  9539 | D:11     | Killed a 12-headed hydra
  9540 | D:11     | Reached XP level 12. HP: 111/112 MP: 12/12
  9809 | D:11     | Noticed Harold
  9823 | D:11     | Killed Harold
  9857 | D:11     | Noticed a two-headed ogre
  9868 | D:11     | Killed a two-headed ogre
  9939 | D:11     | Found a runed translucent door.
 10049 | D:11     | Noticed Nergalle
 10061 | D:11     | Killed Nergalle
 10486 | Lair:1   | Entered Level 1 of the Lair of Beasts
 10637 | Lair:1   | Found a hide-covered altar of Uskayaw.
 11592 | Lair:2   | Reached skill level 5 in Armour
 11663 | Lair:2   | Received a gift from Trog
 12052 | Lair:2   | Reached XP level 13. HP: 105/123 MP: 13/13
 13255 | Lair:4   | Noticed Urug
 13265 | Lair:4   | Killed Urug
 13306 | Lair:4   | Found a hole to the Spider Nest.
 13601 | Lair:4   | Found a staircase to the Shoals.
 13919 | Lair:4   | Found a shimmering altar of Xom.
 14124 | Lair:5   | Reached skill level 5 in Dodging
 14194 | Lair:5   | Reached skill level 15 in Fighting
 14205 | Lair:5   | Identified the +0 ring mail of the Tick {Rampage rPois}
 14740 | Lair:5   | Received a gift from Trog
 15018 | Lair:6   | Entered Level 6 of the Lair of Beasts
 15149 | Lair:6   | Reached XP level 14. HP: 117/135 MP: 14/14
 15611 | Lair:6   | Found a large runed translucent door.
 15612 | Lair:6   | Found a large runed translucent door.
 15844 | Lair:6   | Found a viscous altar of Jiyva.
 15846 | Lair:6   | Found a staircase to the Slime Pits.
 16526 | D:12     | Acquired +1 gold dragon scales
 16599 | D:12     | Found a staircase to the Orcish Mines.
 16698 | D:12     | Found a shimmering altar of Xom.
 16902 | D:12     | Found a frozen archway.
 16961 | IceCv    | Entered an ice cave
 17147 | IceCv    | Received a gift from Trog
 17224 | IceCv    | Noticed a reaper
 17232 | IceCv    | Killed a reaper
 17518 | D:12     | Found Leepuq's Antique Weapon Shop.
 18181 | D:13     | Found a gate to the Vaults.
 18188 | D:13     | Reached XP level 15. HP: 133/146 MP: 15/15
 18235 | D:13     | Found a transporter.
 18235 | D:13     | Noticed Liimbo's ghost (journeyman FoWn)
 18323 | D:13     | Found a transporter.
 18364 | D:13     | Identified the +1 robe of the Volcano {Dex+4 Archmagi}
 18485 | D:13     | Reached skill level 10 in Shields
 18727 | Orc:1    | Entered Level 1 of the Orcish Mines
 18823 | Orc:1    | Found Yfoofo's Firing Range.
 19308 | Orc:2    | Entered Level 2 of the Orcish Mines
 19499 | Orc:2    | Reached ****** piety under Trog
 19504 | Orc:2    | Identified the +2 broad axe of Ageasar {antimagic, rPois
                  | Dex+3} (Trog gifted it to you on level 2 of the Orcish
                  | Mines)
 19504 | Orc:2    | Received a gift from Trog
 19554 | Orc:2    | Found Soehe's Assorted Antiques.
 19554 | Orc:2    | Found Kourghiat's Armour Boutique.
 19555 | Orc:2    | Found Uganac's Distillery.
 19555 | Orc:2    | Found Dothomis's Armour Shoppe.
 19685 | Orc:2    | Found a staircase to the Elven Halls.
 19733 | Orc:2    | Bought 2 potions of heal wounds for 160 gold pieces
 19733 | Orc:2    | Bought a potion of heal wounds for 80 gold pieces
 19733 | Orc:2    | Bought a potion of heal wounds for 80 gold pieces
 19733 | Orc:2    | Bought a potion of curing for 48 gold pieces
 19733 | Orc:2    | Bought a potion of heal wounds for 80 gold pieces
 19734 | Orc:2    | Bought the +2 shield of Resistance {rF++ rC++ Will++} for
                  | 908 gold pieces
 19734 | Orc:2    | Found the +2 shield of Resistance {rF++ rC++ Will++}
 20341 | D:14     | Found a faded altar of an unknown god.
 20341 | D:14     | Found a hazy altar of Hepliaklqana.
 20413 | D:14     | Found a runed translucent gate.
 20413 | D:14     | Found a runed translucent gate.
 20413 | D:14     | Found a runed translucent gate.
 20416 | D:14     | Noticed Ficoysum's ghost (journeyman GnWn)
 20591 | D:14     | Found a huge runed translucent gate.
 20592 | D:14     | Found a huge runed translucent gate.
 20593 | D:14     | Found a huge runed translucent gate.
 20617 | D:14     | Found a huge runed translucent gate.
 20642 | D:14     | Identified the +10 trident of the Forgotten Portals {venom,
                  | Str+2 SInv}
 21010 | D:15     | Entered Level 15 of the Dungeon
 21020 | D:15     | Found an ornate altar of the Wu Jian Council.
 21076 | D:15     | Received a gift from Trog
 21208 | D:15     | Reached XP level 16. HP: 150/157 MP: 16/16
 21214 | D:15     | Reached skill level 10 in Armour
 21443 | D:15     | Found Ruf Favu's Antique Armour Emporium.
 21447 | D:15     | Bought a bloodstained chain mail for 285 gold pieces
 21447 | D:15     | Identified the +8 chain mail of Death's Door {rElec rC+
                  | Int-3} (You bought it in a shop on level 15 of the Dungeon)
 21502 | D:15     | Found a portal to a secret trove of treasure.
 21725 | D:15     | Found a staircase to the Depths.
 22079 | Spider:1 | Entered Level 1 of the Spider Nest
 22080 | Spider:1 | Noticed Nikola
 22095 | Spider:1 | Killed Nikola
 22340 | Spider:1 | Identified the +6 war axe "Udasoo" {protect, rF+ Dex+3}
 23290 | Spider:3 | Received a gift from Trog
 23321 | Spider:3 | Found a transporter.
 23409 | Spider:3 | Noticed an Executioner
 23409 | Spider:3 | Noticed Arachne
 23439 | Spider:3 | Killed Arachne
 23530 | Spider:3 | Found a transporter.
 23532 | Spider:3 | Noticed Anuqaetage's ghost (adept HOFi)
 23803 | Spider:3 | Reached XP level 17. HP: 149/166 MP: 17/17
 23873 | Spider:3 | Reached skill level 15 in Shields
 23935 | Spider:4 | Entered Level 4 of the Spider Nest
 23987 | Spider:4 | Received a gift from Trog
 24318 | Spider:4 | HP: 7/168 [spark wasp (17)]
 25209 | Spider:4 | Received a gift from Trog
 25919 | Spider:4 | Got a gossamer rune of Zot
 26189 | Shoals:1 | Entered Level 1 of the Shoals
 26510 | Shoals:1 | Received a gift from Trog
 26708 | Shoals:1 | Reached XP level 18. HP: 135/180 MP: 18/18
 26708 | Shoals:1 | Noticed Josephine
 26740 | Shoals:1 | Killed Josephine
 26743 | Shoals:1 | HP: 7/175 [merfolk javelineer/javelin (13)]
 26744 | Shoals:1 | Hit by a javelin thrown by a merfolk javelineer

Illustrated notes

Levels and vault maps discovered:
D:1:      lightli_arrival_lavapool, layout_rooms, serial_forest,
          infiniplex_forest_corner_1, infiniplex_forest_straight_4,
          infiniplex_forest_straight_2, infiniplex_forest_clump_curved,
          infiniplex_forest_lined_2
D:2:      layout_basic, basic_altar, kennysheep_generic_room_13, uniq_terence
D:3:      layout_basic
D:4:      layout_basic, temple_green, grunt_ministairs_1, minmay_bisected
D:5:      minmay_angry_zag, layout_loops_corners, uniq_sigmund
D:6:      layout_rooms, chequers_temple_overflow_statue_of_worship,
          serial_shops, nicolae_diamond_shop, minmay_increasing_density
D:7:      layout_loops_corners
D:8:      layout_rooms, erik_lair_island
D:9:      layout_stronghold, minmay_guarded_unrand_finisher, uniq_gastronok
D:10:     layout_roguey, kennysheep_boxes
D:11:     cheibrodos_histonic, layout_cave_pods, uniq_grum, uniq_nergalle,
          uniq_harold
D:12:     layout_cave_pods, zombieorc1_lemuel, portal_ice_cave_entry_pillars_1,
          serial_shops, shop, minmay_ruined_shrine
D:13:     minmay_statue_hallways, layout_basic, grunt_vaults_entry_fortified,
          gammafunk_ghost_arena, hangedman_decor_growths
D:14:     lemuel_bear_cage, layout_irregular_city, ebering_ghost_rock_garden,
          hex_medium, beargit_hepliaklqana_dungeon_heroes
D:15:     grunt_enter_depths_magical_seal, layout_long_grid, serial_glass,
          glass_columns_a, glass_columns_a, serial_shops, nicolae_shop_trees,
          minmay_misc_feat_cross, nicolae_trove_entry_path_of_doom,
          nicolae_wu_jian_wuxing_cycle
Temple:   regret_index_temple_chain_breaker
Lair:1:   layout_cave_pods, basic_altar, serial_bayou_pond_d,
          serial_bayou_crossing
Lair:2:   layout_gridlike, serial_bayou_shore_b, lemuel_fruit_fields
Lair:3:   layout_gridlike, eino_small_chamber_without_monster
Lair:4:   layout_gridlike, elwin_shoals_entry_rooms,
          nicolae_spider_entry_non_spiders, basic_altar, uniq_urug
Lair:5:   layout_hall_layers, dpeg_oklob_1, lemuel_fruit_tree
Lair:6:   cheibrodos_lair_end_hotspot, layout_regular_city, slime_altar_1
Shoals:1: cheibrodos_shoals_three_sisters, layout_shoals, uniq_josephine
Spider:1: layout_spider_delve, uniq_nikola
Spider:2: layout_spider_delve
Spider:3: layout_spider_delve, gammafunk_ghost_abyssal_escape, uniq_arachne
Spider:4: grunt_spider_rune_parallel
Orc:1:    layout_caves, nicolae_shop_firing_range
Orc:2:    st_orc_ogre_mass, layout_caves

Skill      XL: |  1  2  3  4  5  6  7  8  9 10 11 12 13 14 15 16 17 18 |
---------------+-------------------------------------------------------+-----
Fighting       | 4 5 8 10 11 13 15 16 17 18 20 | 20.4
Axes           | 5 6 7 9 10 12 14 16 18 19 20 | 20.4
Shields        | 2 3 5 9 12 14 15 | 15.0
Armour         | 3 5 7 8 9 11 12 13 | 13.0
Dodging        | 3 5 6 7 8 |  8.0

Action                   |  1- 3 |  4- 6 |  7- 9 | 10-12 | 13-15 | 16-18 || total
-------------------------+-------+-------+-------+-------+-------+-------++-------
Melee: Hand axe          |    88 |   202 |   107 |       |       |       ||   397
       Broad axe         |       |       |   107 |   359 |   776 |   723 ||  1965
Invok: Berserk           |     2 |     3 |     3 |    12 |    23 |    11 ||    54
       Brothers in Arms  |       |       |       |       |     2 |     4 ||     6
       Trog's Hand       |       |       |       |       |     1 |       ||     1
  Use: Scroll            |       |     4 |     4 |    11 |    15 |    14 ||    48
       Potion            |       |       |       |       |     6 |     4 ||    10
 Stab: Distracted        |       |       |       |       |       |     2 ||     2
Armor: Animal skin       |     1 |       |       |       |       |       ||     1
       Scale mail        |    39 |    77 |    69 |    99 |       |       ||   284
       Ring mail         |       |       |       |    28 |   147 |       ||   175
       Gold dragon scale |       |       |       |       |   338 |   429 ||   767
Dodge: Dodged            |    51 |   116 |    81 |   129 |   296 |   195 ||   868
Block: Buckler           |       |     3 |    50 |    65 |   124 |       ||   242
       Tower shield      |       |       |       |       |   145 |       ||   145
       Kite shield       |       |       |       |       |    85 |   771 ||   856
       Reflection        |       |       |       |       |       |    10 ||    10
